 Dungeon Sprint DCSS version 0.21.1-1-g345015f (webtiles) character file.

6600000 Fang the Axe Maniac (level 27, -2/273 HPs)
             Began as a Minotaur Gladiator on May 4, 2018.
             Was the Champion of Makhleb.
             Killed by divine providence
             ... invoked by an accursed
              (14 damage)
             ... in the Dungeon (Sprint VIII: "Arena of Blood").
             The game lasted 00:00:44 (66 turns).

Fang the Axe Maniac (Minotaur Gladiator)              Turns: 66, Time: 00:00:44

Health: -2/273     AC:  6    Str: 32    XL:     27
Magic:  27/53      EV: 28    Int:  5    God:    Makhleb [******]
Gold:   0          SH:  0    Dex: 12    Spells: 80/80 levels left

rFire    . . .     SeeInvis .   l - +∞ Axe of Woe
rCold    . . .     Gourm    .   (shield currently unavailable)
rNeg     . . .     Faith    .   b - +0 leather armour
rPois    .         Spirit   .   c - +0 hat
rElec    .         Reflect  .   (no cloak)
rCorr    .         Harm     .   (no gloves)
MR       ++...     NoTele   +   (no boots)
Stlth    +++++++++.             (no amulet)
HPRegen  0.55/turn              (no ring)
MPRegen  0.33/turn              (no ring)

@: no status effects
A: retaliatory headbutt, horns 2
a: Minor Destruction, Lesser Servant of Makhleb, Major Destruction, Greater
Servant of Makhleb, Renounce Religion


You were in the Dungeon.
You worshipped Makhleb.
Makhleb was exalted by your worship.
You were not hungry.

You visited 1 branch

Inventory:

Hand Weapons
 a - a +0 war axe
 l - the +∞ Axe of Woe (weapon)
   (You found it in the Dungeon)
Missiles
 d - 3 throwing nets (quivered)
Armour
 b - a +0 leather armour (worn)
 c - a +0 hat (worn)
Scrolls
 k - a scroll of blinking
Potions
 e - a potion of curing
 g - a potion of heal wounds
 h - a potion of haste
 i - 2 potions of magic
 j - a potion of berserk rage
Comestibles
 f - a ration


   Skills:
 O Level 27 Fighting
 O Level 27 Axes
 O Level 27 Throwing
 O Level 27 Armour
 O Level 27 Dodging
 O Level 27 Stealth
 O Level 27 Unarmed Combat
 O Level 27 Spellcasting
 O Level 27 Invocations


You had 80 spell levels left.
You didn't know any spells.

Dungeon Overview and Level Annotations

Branches:
Dungeon (1/1)

Altars:
Makhleb


Innate Abilities, Weirdness & Mutations

You reflexively headbutt those who attack you in melee.
You have a pair of horns on your head.


Message History

You kill the bag of meat!
Makhleb accepts your kill.
You hear a shout! x8
A dread comes into view.
A bag of meat comes into view. It is wielding a +9 war axe.
You hear a shout! x4
The accursed closely misses you.
You hear a shout!
The corpses begin to drag themselves along the ground!
You hear a shout! x3
The destroyer hits you with a +9 great sword of slicing!!!!!
Ouch! That really hurt!
* * * LOW HITPOINT WARNING * * *
x2 The destroyer bites you.
* * * LOW HITPOINT WARNING * * *
The destroyer draws strength from your injuries!
You hear a shout! x3
The accursed gestures at you while chanting.
Something smites you!
You die...

......###........
....._......... ..
#.....#......
...#_.<._#....M.
...#..)..#....o.#
......_.x)......%
.§..%.###......z..
..###...%%VM###....
. #...)2@.# §..%%
#....)2)#x.....
.......))))%.....
........x)o...#..
.W.%z...%x...#...
.....M.....##....
.#%....%..#. ....
..........#.. ###
##.#..........


You could see 3 accurseds, 2 meat beasts, a destroyer, a sculptor of flesh, a
dread (wandering), 2 bags of meat and 3 crawling corpses.

Vanquished Creatures
  Harold (D)
  11 vampire knights (D)
  16 ogres (D)
  3 two-headed ogres (D)
  36 orcs (D)
  4 skeletal warriors (D)
  4 large abominations (D)
  3 small abominations (D)
  7 crawling corpses (D)
85 creatures vanquished.

Vanquished Creatures (others)
  5 crawling corpses (D)
5 creatures vanquished.

Grand Total: 90 creatures vanquished

Notes
Turn   | Place    | Note
-------+----------+-------------------------------------------
     0 | D        | Found the +∞ Axe of Woe
     0 | D        | Fang the Minotaur Gladiator began the quest for the Orb.
     0 | D        | Reached XP level 1. HP: 18/18 MP: 0/0
     3 | D        | Noticed a bag of meat
     4 | D        | Became a worshipper of Makhleb the Destroyer
     5 | D        | Noticed a bag of meat
     6 | D        | Noticed a bag of meat
     6 | D        | Noticed a bag of meat
     7 | D        | Noticed a bag of meat
     9 | D        | Killed a bag of meat
     9 | D        | Reached XP level 2. HP: 40/40 MP: 1/1
     9 | D        | Reached XP level 3. HP: 47/47 MP: 2/2
     9 | D        | Reached XP level 4. HP: 55/55 MP: 3/3
     9 | D        | Reached XP level 5. HP: 61/61 MP: 4/4
     9 | D        | Reached XP level 6. HP: 68/68 MP: 5/5
     9 | D        | Reached XP level 7. HP: 74/74 MP: 6/6
     9 | D        | Reached XP level 8. HP: 82/82 MP: 7/7
     9 | D        | Reached XP level 9. HP: 89/89 MP: 8/8
     9 | D        | Reached XP level 10. HP: 96/96 MP: 9/9
     9 | D        | Reached XP level 11. HP: 103/103 MP: 10/10
    10 | D        | Noticed a bag of meat
    10 | D        | Killed a bag of meat
    10 | D        | Reached * piety under Makhleb
    10 | D        | Reached XP level 12. HP: 115/115 MP: 11/11
    10 | D        | Killed a bag of meat
    10 | D        | Reached XP level 13. HP: 125/125 MP: 12/12
    12 | D        | Killed a bag of meat
    12 | D        | Reached skill level 15 in Fighting
    12 | D        | Reached skill level 27 in Axes
    12 | D        | Reached XP level 14. HP: 136/136 MP: 13/13
    13 | D        | Noticed a meat berserker
    13 | D        | Noticed a meat berserker
    13 | D        | Noticed a bag of meat
    14 | D        | Noticed a bag of meat
    14 | D        | Noticed a bag of meat
    14 | D        | Noticed a bag of meat
    15 | D        | Killed a meat berserker
    15 | D        | Reached ** piety under Makhleb
    15 | D        | Reached skill level 27 in Dodging
    15 | D        | Reached XP level 15. HP: 155/155 MP: 14/14
    19 | D        | Noticed a meat berserker
    19 | D        | Reached *** piety under Makhleb
    19 | D        | Reached XP level 16. HP: 149/182 MP: 15/15
    20 | D        | Reached skill level 27 in Fighting
    21 | D        | Killed a meat berserker
    21 | D        | Reached skill level 27 in Throwing
    21 | D        | Reached XP level 17. HP: 191/191 MP: 16/16
    21 | D        | Reached **** piety under Makhleb
    22 | D        | Killed a meat berserker
    22 | D        | Reached skill level 27 in Armour
    22 | D        | Reached XP level 18. HP: 200/200 MP: 17/17
    23 | D        | Noticed a meat berserker
    23 | D        | Noticed a destroyer
    23 | D        | Noticed a meat berserker
    25 | D        | Noticed a meat berserker
    25 | D        | Noticed a meat berserker
    25 | D        | Reached ***** piety under Makhleb
    26 | D        | Noticed a meat berserker
    26 | D        | Noticed a meat berserker
    26 | D        | Noticed a destroyer
    27 | D        | Killed a destroyer
    27 | D        | Reached skill level 27 in Stealth
    27 | D        | Reached XP level 19. HP: 205/207 MP: 18/18
    27 | D        | Reached skill level 15 in Unarmed Combat
    27 | D        | Reached skill level 10 in Spellcasting
    27 | D        | Killed a meat berserker
    28 | D        | Noticed a meat berserker
    28 | D        | Killed a meat berserker
    28 | D        | Reached skill level 15 in Spellcasting
    28 | D        | Reached XP level 20. HP: 216/216 MP: 18/38
    29 | D        | Killed a meat berserker
    30 | D        | Noticed a large bag of meat
    30 | D        | Killed a meat berserker
    30 | D        | Reached ****** piety under Makhleb
    30 | D        | Reached skill level 27 in Unarmed Combat
    30 | D        | Reached XP level 21. HP: 224/224 MP: 18/43
    30 | D        | Killed a destroyer
    30 | D        | Reached skill level 27 in Invocations
    31 | D        | Noticed The Servant
    32 | D        | Noticed a large bag of meat
    32 | D        | Reached XP level 22. HP: 233/233 MP: 18/51
    32 | D        | Reached skill level 27 in Spellcasting
    33 | D        | Noticed a destroyer
    33 | D        | Noticed a large bag of meat
    34 | D        | Reached XP level 23. HP: 240/240 MP: 19/53
    38 | D        | Killed a large bag of meat
    38 | D        | Reached XP level 24. HP: 249/249 MP: 20/53
    39 | D        | Noticed a destroyer
    39 | D        | Noticed a destroyer
    40 | D        | Noticed a destroyer
    41 | D        | Killed a large bag of meat
    42 | D        | Noticed a destroyer
    42 | D        | Killed a destroyer
    42 | D        | Noticed a destroyer
    43 | D        | Killed a destroyer
    43 | D        | Reached XP level 25. HP: 257/257 MP: 21/53
    44 | D        | Noticed a destroyer
    44 | D        | Killed a large bag of meat
    44 | D        | Noticed a destroyer
    47 | D        | Killed a destroyer
    47 | D        | Reached XP level 26. HP: 183/266 MP: 22/53
    47 | D        | Killed a destroyer
    47 | D        | Killed The Servant
    48 | D        | Killed a destroyer
    48 | D        | Reached XP level 27. HP: 273/273 MP: 22/53
    48 | D        | Killed a destroyer
    49 | D        | Noticed a destroyer
    50 | D        | Noticed an accursed
    50 | D        | Killed a destroyer
    51 | D        | Killed a destroyer
    52 | D        | Killed a destroyer
    53 | D        | Noticed an accursed
    61 | D        | Noticed a destroyer
    62 | D        | Noticed an accursed
    63 | D        | Noticed a meat beast
    65 | D        | Noticed a meat beast
    66 | D        | Noticed a dread
    66 | D        | HP: 12/273 [destroyer/+9 great sword of slicing (4)]
    66 | D        | Killed from afar by an accursed

Skill      XL: |  1  2  3  4  5  6  7  8  9 10 11 12 13 14 15 16 17 18 19 20 21 22 |
---------------+-------------------------------------------------------------------+-----
Fighting       | 11 13 14 15 19 26 27 | 27.0
Axes           | 20 23 25 27 | 27.0
Throwing       | 9 11 12 13 16 21 27 | 27.0
Dodging        | 19 21 23 24 27 | 27.0
Armour         | 7 16 27 | 27.0
Stealth        | 17 27 | 27.0
Unarmed Combat | 22 27 | 27.0
Spellcasting   | 15 19 26 27 | 27.0
Invocations    | 20 25 27 | 27.0

Action                   |  1- 3 |  4- 6 |  7- 9 | 10-12 | 13-15 | 16-18 | 19-21 | 22-24 | 25-27 || total
-------------------------+-------+-------+-------+-------+-------+-------+-------+-------+-------++-------
Melee: Executioner's axe |     1 |       |       |     1 |     4 |     6 |     5 |    11 |    17 ||    45
Armor: Leather armour    |       |       |       |       |       |       |       |     1 |       ||     1
Dodge: Dodged            |       |       |       |       |       |     1 |       |     1 |     3 ||     5
